 Dungeon Crawl Stone Soup version 0.31-a0-431-g88bdf31460 (webtiles) character file.

Game seed: 9343017122002145456

21748 Gelion the Fighter (level 12, 0/112 HPs)
             Began as an Octopode Shapeshifter on Aug 1, 2023.
             Was an Initiate of Gozag.
             Killed from afar by a swamp worm (13 damage)
             ... with a harpoon shot
             ... on level 2 of the Lair of Beasts.
             The game lasted 00:26:37 (13674 turns).

Gelion the Fighter (Octopode Shapeshifter)         Turns: 13674, Time: 00:26:39

Health: 0/112      AC: 11    Str: 19    XL:     12   Next: 93%
Magic:  30/30      EV: 15    Int: 11    God:    Gozag
Gold:   1507       SH:  5    Dex: 17    Spells: 11/11 levels left

rFire   . .          .
                       - Unarmed
rCold   . . .        (shield currently unavailable)
rNeg    + . .        (helmet currently unavailable)
rPois   +            g - amulet of reflection
rElec   .            d - ring of see invisible
rCorr   +            i - +5 ring of evasion
SInv    +            j - ring of positive energy
Will    .....        o - ring of magical power
Stlth   ++           r - ring of flight
HPRegen 0.38/turn    s - ring of magical power
MPRegen 0.22/turn    w - ring "Vonn" {rPois rCorr}
                     (no ring)

%: reflection
@: snake-form, flying, studying Fighting
A: constrict, boosted hp, almost no armour, amphibious, 8 rings, large,
(camouflage 1), (gelatinous body 1), (nimble swimmer 1), (tentacles)
a: Begin Untransformation, Renounce Religion, Potion Petition, Call Merchant,
Bribe Branch


You were on level 2 of the Lair of Beasts.
You worshipped Gozag.
Gozag was most pleased with you.
You were an enormous anaconda.
You visited 3 branches of the dungeon, and saw 13 of its levels.

You collected 2642 gold pieces.
You spent 471 gold pieces at shops.
You paid 664 gold pieces to Gozag.

Inventory:

Missiles
 a - a throwing net
Jewellery
 d - a ring of see invisible (left tentacle)
 g - an amulet of reflection (around neck)
 i - a +5 ring of evasion (right tentacle)
 j - a ring of positive energy (on tentacle)
 o - a ring of magical power (on tentacle)
 r - a ring of flight (on tentacle)
 s - a ring of magical power (on tentacle)
 w - the ring "Vonn" (on tentacle) {rPois rCorr}
   (You bought it in a shop on level 2 of the Dungeon)

   [ring of poison resistance]

   rPois:     It protects you from poison.
   rCorr:     It protects you from acid and corrosion.
Talismans
 b - a serpent talisman (active)
Wands
 k - a wand of polymorph (5)
 t - a wand of quicksilver (8)
 v - a wand of iceblast (2)
 z - a wand of flame (15)
Scrolls
 c - 3 scrolls of immolation
 e - 3 scrolls of enchant armour
 h - 3 scrolls of enchant weapon
 l - 3 scrolls of revelation
 m - 4 scrolls of teleportation
 n - 3 scrolls of blinking
 u - 2 scrolls of vulnerability
 y - a scroll of brand weapon
 B - a scroll of silence
Potions
 p - a potion of magic
 q - 2 potions of enlightenment
 A - 2 potions of haste
 C - a potion of invisibility {unknown}
 D - a potion of brilliance {unknown}
 E - a potion of curing


   Skills:
 + Level 13.5 Fighting
 - Level 2.0 Dodging
 + Level 11.2 Unarmed Combat
 * Level 13.0 Shapeshifting


You had 11 spell levels left.
You didn't know any spells.
Your spell library contained the following spells:

 Spells                   Type           Power      Damage    Failure   Level
 Kiss of Death            Conj/Necr      0%         2d5       34%         1
 Slow                     Hex            0%         N/A       34%         1
 Blink                    Tloc           0%         N/A       47%         2
 Lesser Beckoning         Tloc           0%         N/A       47%         2
 Momentum Strike          Conj/Tloc      0%         3d8       47%         2
 Scorch                   Fire           0%         2d5       47%         2
 Confusing Touch          Hex            0%         N/A       71%         3
 Inner Flame              Hex/Fire       0%         N/A       71%         3
 Vampiric Draining        Necr           0%         2d6       71%         3
 Vhi's Electric Charge    Tloc/Air       0%         N/A       71%         3
 Dispel Undead            Necr           0%         3d6       98%         4
 Flame Wave               Conj/Fire      0%         2d4       98%         4
 Manifold Assault         Tloc           0%         N/A       98%         4
 Summon Lightning Spire   Summ/Air       0%         N/A       98%         4
 Arcjolt                  Conj/Air       0%         1d10      100%        5
 Lee's Rapid Deconstruct  Erth           0%         3d4*      100%        5
 Yara's Violent Unravell  Hex/Tmut       0%         3d3       100%        5
 Summon Cactus Giant      Summ           0%         N/A       100%        6
 Enfeeble                 Hex            0%         N/A       100%        7
 Maxwell's Capacitive Co  Air            0%         ∞         100%        8
 Animate Armour           Summ/Erth      Unusable   N/A       N/A         4

Dungeon Overview and Level Annotations

Branches:
Dungeon (10/15)            Temple (1/1) D:5            Lair (2/5) D:9
  Swamp (0/4) Lair:2
  Snake: Lair:2-3    Spider: Lair:2-3       Orc: D:9-12

Altars:
Ashenzari
Cheibriados
Dithmenos
Elyvilon
Fedhas
Gozag
Hepliaklqana
Kikubaaqudgha
Makhleb
Nemelex Xobeh
Okawaru
Qazlal
Ru
Sif Muna
Trog
Uskayaw
Vehumet
Wu Jian
Xom
Yredelemnul
Zin
The Shining One

Shops:
D:2 =   D:5 *   D:8 =

Annotations:
Lair:2 1 transporter


Innate Abilities, Weirdness & Mutations

You are an enormous anaconda.
You have a powerful constriction melee attack.
Your maximum health is increased.
Your armour is entirely melded.
You are incapable of wielding weapons or throwing items.
You cannot wear most types of armour.
You are amphibious.
You can wear up to eight rings at the same time.
((Your skin changes colour to match your surroundings (Stealth+).))
((Your rubbery body absorbs attacks. (AC +1, EV +1)))
((You are camouflaged when in or above water. (Stealth+)))
((You have tentacles for arms and can constrict up to eight enemies at once.))


Message History

The swamp worm fires a harpoon shot at you.
The harpoon shot hits you.
You are yanked forward by the harpoon shot.
You collide with the briar patch!
The briar patch is severely damaged.
The swamp worm fires a harpoon shot at you.
The harpoon shot hits you!
You are yanked forward by the harpoon shot.
You collide with the briar patch!
The briar patch is destroyed!
The swamp worm fires a harpoon shot at you.
The harpoon shot hits you!
You are yanked forward by the harpoon shot.
You collide with the briar patch!
The briar patch is destroyed!
* * * LOW HITPOINT WARNING * * *
There is a net trap, spattered with blood here.
You see here a throwing net.
You feel much better. The swamp worm bites your butterfly.
Your butterfly dies!
Your butterfly disappears in a burst of colours!
Unknown command.
You struggle against the net.
The swamp worm fires a harpoon shot at you.
The harpoon shot hits you!!
* * * LOW HITPOINT WARNING * * *
You are yanked forward by the harpoon shot.
You hit the swamp worm. You grab the swamp worm.
The swamp worm is lightly wounded.
You constrict the swamp worm. The swamp worm bites you!
* * * LOW HITPOINT WARNING * * *
The swamp worm fires a harpoon shot at you.
The harpoon shot hits you.
* * * LOW HITPOINT WARNING * * *
You lose your grip on the swamp worm.
You are yanked forward by the harpoon shot.
The swamp worm fires a harpoon shot at you.
The harpoon shot hits you!
You die...
Your body crumbles into a pile of gold.

..........P#.##............#
.........(.####............###
...#......## #............#.#
..........######............##
.........###P..............##
.+...#.>...................##
#.#.#.#...#########........P#
..........##w#w#w##........##
#.#.#.#..##≈§≈≈#S≈####.....#
.........#PPP.P°PP#$[#.....##
#.#.#.#.©#bb^^^^^°+?©#©.....#
<........#PPPP§bPP#[=#.....(#
#.#.#.#..##§≈≈#≈≈≈####......#
..........#♣#w#♣#w#........##
#.#.#.#...#########.........#
...........................##
#.#.#.#....................##


You could see 5 swamp worms.

Vanquished Creatures
  3 death yaks (D:9)
  Joseph (D:8)
  Maurice (D:10)
  2 black mambas (Lair:1)
  4 elephants (Lair:1)
  3 cane toads
  3 rime drakes
  2 komodo dragons (Lair:2)
  A troll (D:9)
  Prince Ribbit (D:9)
  7 blink frogs
  A slime creature (D:7)
  A shadow (D:9)
  48 yaks
  Eustachio (D:4)
  2 basilisks
  3 steam dragons
  10 vampire mosquitoes
  3 acid dragons
  6 water moccasins
  2 orc warriors (D:9)
  A sky beast (D:6)
  2 black bears (D:4)
  An ice beast (D:8)
  2 centaurs (D:6)
  4 wolves (Lair:1)
  A phantom (D:5)
  A kobold brigand (D:6)
  Blork the orc (D:4)
  4 bullfrogs
  A gnoll sergeant (D:5)
  2 scorpions
  5 wights (D:6)
  4 killer bees (D:9)
  3 howler monkeys
  4 hounds
  2 gnoll boudas
  6 orc priests
  2 jellies
  Natasha (thrice) (D:3)
  3 iguanas
  5 orc wizards
  A hell rat (D:9)
  10 adders
  15 gnolls
  A shadow imp (D:7)
  A white imp (D:5)
  4 ufetubi
  3 dart slugs
  35 orcs
  9 bats
  5 endoplasms
  7 giant cockroaches
  4 hobgoblins
  2 quokkas
  7 ball pythons
  2 frilled lizards (D:1)
  4 goblins
  11 kobolds
  5 rats
288 creatures vanquished.

Notes
Turn   | Place    | Note
-------+----------+-------------------------------------------
     0 | D:1      | Gelion the Octopode Shapeshifter began the quest for the
                  | Orb.
     0 | D:1      | Reached XP level 1. HP: 13/13 MP: 1/1
    97 | D:1      | Reached XP level 2. HP: 14/18 MP: 2/2
   777 | D:2      | Reached XP level 3. HP: 22/23 MP: 3/3
   786 | D:2      | Found Ladian's Jewellery Emporium.
   971 | D:2      | You fall into a shaft and drop 1 floor!
   991 | D:3      | Noticed Natasha
  1459 | D:3      | Reached XP level 4. HP: 29/29 MP: 4/4
  1563 | D:3      | Killed Natasha
  1588 | D:3      | Reached XP level 5. HP: 30/34 MP: 5/5
  1607 | D:3      | Noticed Natasha
  1612 | D:3      | Killed Natasha
  1712 | D:3      | Noticed Natasha
  1719 | D:3      | Killed Natasha
  1771 | D:3      | Reached XP level 6. HP: 36/41 MP: 6/6
  2093 | D:4      | Noticed a black bear
  2101 | D:4      | Killed a black bear
  2102 | D:4      | Reached skill level 5 in Shapeshifting
  2304 | D:4      | Noticed Eustachio
  2308 | D:4      | Noticed a black bear
  2322 | D:4      | Killed Eustachio
  2323 | D:4      | Reached XP level 7. HP: 39/47 MP: 7/7
  2706 | D:4      | Reached skill level 5 in Unarmed Combat
  2767 | D:4      | Noticed Blork the orc
  2804 | D:4      | Killed Blork the orc
  3051 | D:5      | Entered Level 5 of the Dungeon
  3080 | D:5      | Reached XP level 8. HP: 46/54 MP: 8/8
  4055 | D:5      | Found Athretzuo's Assorted Antiques.
  4063 | D:5      | Bought an ancient tin ring for 145 gold pieces
  4063 | D:5      | Identified the ring of the Thirsty Moons {rF- Str+4 Dex+6}
                  | (You bought it in a shop on level 5 of the Dungeon)
  4136 | D:5      | Found a staircase to the Ecumenical Temple.
  4143 | Temple   | Entered the Ecumenical Temple
  4147 | Temple   | Became a worshipper of Gozag Ym Sagoz the Greedy
  4203 | D:6      | Reached skill level 5 in Fighting
  4621 | D:6      | Reached XP level 9. HP: 50/61 MP: 9/9
  4919 | D:6      | Found a broken altar of Ashenzari.
  4919 | D:6      | Found a blossoming altar of Fedhas.
  5452 | D:7      | Found a basalt altar of Yredelemnul.
  5490 | D:7      | Found a glowing golden altar of the Shining One.
  5490 | D:7      | Found a hide-covered altar of Uskayaw.
  5491 | D:7      | Found a shimmering altar of Xom.
  6481 | D:8      | HP: 1/59 [steam dragon (11)]
  6860 | D:8      | Noticed Joseph
  6870 | D:8      | Killed Joseph
  6871 | D:8      | Reached XP level 10. HP: 70/71 MP: 10/10
  7422 | D:9      | Noticed a death yak
  7460 | D:9      | Noticed Prince Ribbit
  7468 | D:9      | Killed Prince Ribbit
  7674 | D:9      | HP: 3/73 [yak (9)]
  7920 | D:9      | Reached skill level 10 in Shapeshifting
  8074 | D:9      | Noticed a death yak
  8101 | D:9      | Found a staircase to the Lair.
  8280 | D:9      | Reached XP level 11. HP: 68/81 MP: 11/11
  8490 | D:9      | Noticed a death yak
  8509 | D:9      | Killed a death yak
  8510 | D:9      | Reached skill level 10 in Fighting
  8517 | D:9      | Killed a death yak
  8525 | D:9      | Killed a death yak
  8980 | D:2      | Bought the ring "Vonn" {rPois rCorr} for 326 gold pieces
  9223 | D:10     | Entered Level 10 of the Dungeon
 10230 | D:10     | Noticed Maurice
 10237 | D:10     | Killed Maurice
 10701 | Lair:1   | Entered Level 1 of the Lair of Beasts
 10938 | Lair:1   | Reached skill level 10 in Unarmed Combat
 10948 | Lair:1   | Reached XP level 12. HP: 50/91 MP: 12/12
 12573 | Lair:2   | Found a transporter.
 12778 | Lair:2   | Found a transporter.
 13415 | Lair:2   | Found a staircase to the Swamp.
 13674 | Lair:2   | Killed from afar by a swamp worm

Illustrated notes

Levels and vault maps discovered:
D:1:      dpeg_arrival_erosion, layout_loops_ring
D:2:      layout_loops_ring, serial_shops, nicolae_shop_advertising_works
          [nicolae_subvault_shop_adworks], minmay_heptomino_o4
D:3:      layout_rooms, nicolae_figureground_sparkle, uniq_natasha
D:4:      layout_loops_ring, nicolae_letterblocks [nicolae_letter_subblock,
          nicolae_letter_subblock, nicolae_letter_subblock,
          nicolae_letter_subblock, nicolae_letter_subblock,
          nicolae_letter_subblock, nicolae_letter_subblock,
          nicolae_letter_subblock, nicolae_letter_subblock,
          nicolae_letter_subblock, nicolae_letter_subblock,
          nicolae_letter_subblock, nicolae_letter_subblock,
          nicolae_letter_subblock, nicolae_letter_subblock,
          nicolae_letter_subblock, nicolae_letter_subblock,
          nicolae_letter_subblock, nicolae_letter_subblock,
          nicolae_letter_subblock, nicolae_letter_subblock,
          nicolae_letter_subblock, nicolae_letter_subblock,
          nicolae_letter_subblock, nicolae_letter_subblock], uniq_blork_the_orc,
          uniq_eustachio
D:5:      layout_rooms, minmay_temple_entry_fiery, serial_shops,
          nicolae_shop_getting_attention
D:6:      layout_cave_pools, jmf_multi_god_temple, kennysheep_small_circle
D:7:      layout_basic, minitemple, minmay_manual_moon
D:8:      layout_basic, uniq_joseph
D:9:      layout_roguey, dpeg_lair_monsters, uniq_prince_ribbit1
D:10:     layout_layer_cave, uniq_maurice
Temple:   kb_temple_of_zot
Lair:1:   layout_cave_pods, patterned_corridor, grunt_megastairs_5,
          lemuel_fruit_fields, serial_bayou_shore_b
Lair:2:   gammafunk_worm_tunnel, layout_chaotic_city, swamp_mist_pool,
          st_stairs_12, serial_bayou_pond_e

Skill      XL: |  1  2  3  4  5  6  7  8  9 10 11 12 |
---------------+-------------------------------------+-----
Fighting       | 2 3 4 5 7 9 11 13 | 13.5
Shapeshifting  | 4 5 6 7 8 10 11 13 | 13.0
Unarmed Combat | 4 5 6 7 8 10 11 | 11.2
Dodging        | |  2.0

Action                     |  1- 3 |  4- 6 |  7- 9 | 10-12 || total
---------------------------+-------+-------+-------+-------++-------
  Melee: Unarmed           |    68 |   105 |   215 |   449 ||   837
         Constrict         |    17 |    34 |    55 |    93 ||   199
         Tentacles         |     9 |    20 |    55 |    38 ||   122
         Punch             |     2 |     4 |    14 |     5 ||    25
         Maw               |       |       |    10 |    40 ||    50
 Invoke: Call Merchant     |       |       |       |     1 ||     1
    Use: Scroll            |     3 |     3 |     6 |     6 ||    18
         Potion            |       |     1 |     2 |     4 ||     7
   Stab: Sleeping          |     8 |       |     7 |     2 ||    17
         Distracted        |       |       |     2 |     5 ||     7
 Armour: Skin              |     4 |     9 |     2 |    72 ||    87
  Dodge: Dodged            |    34 |    77 |   183 |   220 ||   514
  Block: Other             |       |       |       |    59 ||    59
   Form: Maw               |       |       |     1 |       ||     1
         Anaconda          |       |       |       |     1 ||     1

Table legend: (Time is in decaauts)
 A = Elapsed time spent in this place.
 B = Non-inter-level travel time spent in this place.
 C = Inter-level travel time spent in this place.
 D = Time resting spent in this place.
 E = Time spent auto-exploring this place.
 F = Levels seen in this place.
 G = Mean time per level.
                   A        B        C        D        E       F      G
               +--------+--------+--------+--------+--------+-----+--------+
         Total |  13568 |  12755 |    813 |    872 |   9836 |  13 | 1043.7 |
       Dungeon |  10630 |   9915 |    715 |    872 |   7409 |  10 | 1063.0 |
        Temple |      8 |      2 |      6 |      0 |      0 |   1 |    8.0 |
          Lair |   2929 |   2838 |     91 |      0 |   2427 |   2 | 1464.5 |
               +--------+--------+--------+--------+--------+-----+--------+

Top non-repeatable levels by time:
  Lair:1: 1838 daAuts
     D:9: 1655 daAuts
    D:10: 1432 daAuts
     D:4: 1269 daAuts
     D:7: 1159 daAuts
  Lair:2: 1091 daAuts
     D:5: 1050 daAuts
     D:8: 989 daAuts
     D:6: 923 daAuts
     D:3: 821 daAuts
     D:1: 754 daAuts
     D:2: 574 daAuts
  Temple: 8 daAuts
